 Dungeon Crawl Stone Soup version 0.24-b1-44-g37ad8b309f (webtiles) character file.

Game seed: 4817517816536580589, levelgen mode: deterministic

108 Mrkan the Poker (level 4, -6/40 HPs)
             Began as a Draconian Monk on Oct 24, 2019.
             Mangled by an ice beast (11 damage)
             ... on level 3 of the Dungeon.
             The game lasted 00:04:26 (2671 turns).

Mrkan the Poker (Draconian Monk)                    Turns: 2671, Time: 00:04:27

Health: -6/40      AC:  5    Str: 15    XL:     4   Next: 58%
Magic:  4/4        EV: 13    Int: 10    God:
Gold:   96         SH:  0    Dex: 13    Spells: 3/3 levels left

rFire    . . .     SeeInvis .   a - +0 spear
rCold    . . .     Gourm    .   (no shield)
rNeg     . . .     Faith    .   (armour unavailable)
rPois    .         Spirit   .   (helmet restricted)
rElec    .         Reflect  .   (no cloak)
rCorr    .         Harm     .   (no gloves)
MR       .....                  (no boots)
Stlth    ++........             (no amulet)
HPRegen  0.13/turn              (no ring)
MPRegen  0.09/turn              (no ring)

@: slowed, very slow
A: unfitting armour, cold-blooded, AC +5
a: no special abilities


You were on level 3 of the Dungeon.
You were hungry.

You visited 1 branch of the dungeon, and saw 3 of its levels.

You collected 96 gold pieces.

Inventory:

Hand Weapons
 a - a +0 spear (weapon)
 m - a +0 hunting sling
Missiles
 d - 204 stones (quivered)
 g - 62 sling bullets
Wands
 n - a wand of random effects (25)
Scrolls
 c - 2 scrolls of identify {unknown}
 e - 2 scrolls of enchant weapon {unknown}
 i - a scroll of fear {unknown}
 j - 4 scrolls of remove curse {unknown}
 l - 2 scrolls of teleportation {unknown}
 p - 3 scrolls of magic mapping {unknown}
 s - a scroll of amnesia {unknown}
Potions
 f - a potion of cancellation
 h - a potion of flight {unknown}
 o - a potion of degeneration {unknown}
 q - a potion of lignification {unknown}
 r - a potion of ambrosia {unknown}
Comestibles
 b - 5 rations
 k - 2 chunks of flesh


   Skills:
 + Level 4.3 Fighting
 * Level 4.7 Polearms
 - Level 2.6 Dodging
 - Level 1.7 Stealth


You had 3 spell levels left.
You didn't know any spells.
Your spell library was empty.

Dungeon Overview and Level Annotations

Branches:
Dungeon (3/15)

Altars:
Uskayaw


Innate Abilities, Weirdness & Mutations

Your plain brown scales are hard. (AC +5)
You cannot fit into any form of body armour.
You are cold-blooded and may be slowed by cold attacks.


Message History

The ice beast barely misses you.
You hit the ice beast.
The ice beast is lightly wounded.
The ice beast hits you. The ice beast freezes you!
You feel yourself slow down.
You hit the ice beast but do no damage.
The ice beast is lightly wounded.
The ice beast hits you but does no damage.
You barely miss the ice beast.
The ice beast is lightly wounded.
You feel yourself speed up. The ice beast hits you. The ice beast freezes you!
You feel yourself slow down.
* * * LOW HITPOINT WARNING * * *
The ice beast closely misses you.
You hit the ice beast. You tail-slap the ice beast.
The ice beast is heavily wounded.
The ice beast hits you.
* * * LOW HITPOINT WARNING * * *
The ice beast freezes you!
You feel as though you will be slow longer.
You die...

.# .. ##### ##.##
##...#####
#...###........#
#...##..#......# #
#...##.#.......#
#.#...##.........#
###.#...<....##.####
.......@Y>.)....†).### .
##......)##.###[##...#..
#.........## ######Y...
..#..#.....## #.g.....
...........# #####...
....#..#..# ..#
?...#.....# ...
.......##.# ...
###).....## ...


You could see an ice beast.

Vanquished Creatures
  An orc wizard (D:2)
  Robin (D:2)
  An adder (D:2)
  An ooze (D:3)
  2 leopard geckos (D:2)
  4 orcs (D:3)
  4 giant cockroaches
  8 goblins
  8 hobgoblins
  7 jackals
  3 kobolds (D:2)
  4 bats
  3 rats
47 creatures vanquished.

Notes
Turn   | Place    | Note
-------+----------+-------------------------------------------
     0 | D:1      | Mrkan the Draconian Monk began the quest for the Orb.
     0 | D:1      | Reached XP level 1. HP: 19/19 MP: 1/1
   885 | D:2      | Reached XP level 2. HP: 23/26 MP: 2/2
  1115 | D:2      | Reached XP level 3. HP: 23/33 MP: 3/3
  1582 | D:2      | Noticed Robin
  1607 | D:2      | Killed Robin
  1743 | D:2      | Found a hide-covered altar of Uskayaw.
  2096 | D:2      | Found a faded altar of an unknown god.
  2264 | D:3      | Reached XP level 4. HP: 38/40 MP: 4/4
  2651 | D:3      | Noticed an ice beast
  2671 | D:3      | Mangled by an ice beast

Skill      XL: |  1  2  3 |
---------------+----------+-----
Polearms       | 4 |  4.7
Fighting       | 4 |  4.3
Dodging        | |  2.6
Stealth        | |  1.7

Action                   |  1- 3 |  4- 6 || total
-------------------------+-------+-------++-------
Melee: Spear             |   170 |    55 ||   225
       Tailslap          |    13 |     9 ||    22
  Use: Potion            |       |     1 ||     1
 Stab: Sleeping          |     1 |       ||     1
  Eat: Chunk             |     3 |     2 ||     5
Armor: Skin              |    43 |    20 ||    63
Dodge: Dodged            |    94 |    50 ||   144
